 Dungeon Crawl Stone Soup version 0.31-a0-345-g1ebeae05c6 (webtiles) character file.

Game seed: 14360657202379983045

34 RepHenryClay the Stinger (level 3, 0/19 HPs)
             Began as a Deep Elf Venom Mage on July 22, 2023.
             Killed from afar by Sigmund (10 damage)
             ... with a magic dart
             ... on level 2 of the Dungeon.
             The game lasted 00:02:08 (841 turns).

RepHenryClay the Stinger (Deep Elf Venom Mage)       Turns: 841, Time: 00:02:08

Health: 0/19       AC:  3    Str:  5    XL:     3   Next: 14%
Magic:  5/9        EV: 12    Int: 21    God:
Gold:   98         SH:  0    Dex: 15    Spells: 5/8 levels left

rFire   . . .        (no weapon)
rCold   . . .        (no shield)
rNeg    . . .        a - +0 robe
rPois   .            f - +0 helmet
rElec   .            (no cloak)
rCorr   .            (no gloves)
SInv    .            (no boots)
Will    .....        (no amulet)
Stlth   ++           (no ring)
HPRegen 0.23/turn    (no ring)
MPRegen 0.11/turn

%: no passive effects
@: no status effects
A: no striking features
a: no special abilities


You were on level 2 of the Dungeon.
You visited 1 branch of the dungeon, and saw 2 of its levels.

You collected 98 gold pieces.

Inventory:

Armour
 a - a +0 robe (worn)
 f - a +0 helmet (worn)
Jewellery
 c - a ring of willpower
Scrolls
 d - 4 scrolls of silence {unknown}
 e - a scroll of blinking {unknown}
Potions
 b - a potion of magic


   Skills:
 - Level 2.6 Dodging
 - Level 2.6 Stealth
 - Level 3.1 Spellcasting
 - Level 1.3 Transmutations
 + Level 1.3 Air Magic
 + Level 4.0 Poison Magic


You had 5 spell levels left.
You knew the following spells:

 Your Spells              Type           Power      Damage    Failure   Level
a - Sting                 Tmut/Pois      56%        1d5       4%          1
b - Poisonous Vapours     Pois/Air       28%        N/A       7%          2

Your spell library contained the following spells:

 Spells                   Type           Power      Damage    Failure   Level
 Mephitic Cloud           Conj/Pois/Air  10%        N/A       19%         3
 Olgreb's Toxic Radiance  Pois           20%        N/A       26%         4


Dungeon Overview and Level Annotations

Branches:
Dungeon (2/15)

Altars:

Annotations:
D:2 Sigmund


Message History

Casting: Sting (safe; 4% risk of failure)
Confirm with . or Enter, or press ? or * to list all spells.
You can't see any susceptible monsters within range! (Use Z to cast anyway.)
Casting: Sting (safe; 4% risk of failure)
Confirm with . or Enter, or press ? or * to list all spells.
Aiming: Sting (safe; 4% risk of failure)
Press: ? - help, Shift-Dir - straight line, f - Sigmund
Aim: Sigmund, wielding a +2 scythe of protection and wearing a +2 robe of cold resistance (asleep, 100% to hit)
The sting hits Sigmund but does no damage.
Sigmund is poisoned.
Sigmund shouts!
Casting: Sting (safe; 4% risk of failure)
Confirm with . or Enter, or press ? or * to list all spells.
Aiming: Sting (safe; 4% risk of failure)
Press: ? - help, Shift-Dir - straight line, f/p - Sigmund
Aim: Sigmund, wielding a +2 scythe of protection and wearing a +2 robe of cold resistance (lightly wounded, poisoned, 68% to hit)
The sting misses Sigmund.
Sigmund misses you.
Casting: Sting (safe; 4% risk of failure)
Confirm with . or Enter, or press ? or * to list all spells.
Aiming: Sting (safe; 4% risk of failure)
Press: ? - help, Shift-Dir - straight line, f/p - Sigmund
Aim: Sigmund, wielding a +2 scythe of protection and wearing a +2 robe of cold resistance (lightly wounded, poisoned, 68% to hit)
The sting misses Sigmund.
Casting: Sting (safe; 4% risk of failure)
Confirm with . or Enter, or press ? or * to list all spells.
Aiming: Sting (safe; 4% risk of failure)
Press: ? - help, Shift-Dir - straight line, f/p - Sigmund
Aim: Sigmund, wielding a +2 scythe of protection and wearing a +2 robe of cold resistance (lightly wounded, poisoned, 68% to hit)
The sting hits Sigmund but does no damage.
Sigmund looks even sicker.
Sigmund is lightly wounded.
Sigmund hits you from afar with a +2 scythe of protection!
Ouch! That really hurt!
Huge Dmg: -52%(-10hp) hp: 48%(9hp) Sigmund casts a spell at you.
The puff of flame misses you. Sigmund casts a spell at you.
The magic dart hits you!
Ouch! That really hurt!
You die...

.. .. #####.## . ..
#......# .. #.
#......+ ... #.
##......##
..##.#####...@....# .
.................
....##.#####.########
#...<..†@.#
#.#######.# #.# ###


You could see Sigmund (very poisoned).

Vanquished Creatures
  An adder (D:2)
  2 ball pythons (D:1)
  A giant cockroach (D:1)
  6 goblins (D:1)
  3 jackals (D:1)
  2 kobolds (D:1)
  A quokka (D:1)
  3 bats
  3 frilled lizards (D:1)
22 creatures vanquished.

Notes
Turn   | Place    | Note
-------+----------+-------------------------------------------
     0 | D:1      | RepHenryClay the Deep Elf Venom Mage began the quest for
                  | the Orb.
     0 | D:1      | Reached XP level 1. HP: 10/10 MP: 6/6
   213 | D:1      | Reached XP level 2. HP: 15/15 MP: 4/8
   216 | D:1      | Learned a level 2 spell: Poisonous Vapours
   435 | D:1      | Reached skill level 1 in Air Magic
   755 | D:2      | Reached skill level 4 in Poison Magic
   755 | D:2      | Reached XP level 3. HP: 19/19 MP: 4/9
   797 | D:2      | Noticed Sigmund
   841 | D:2      | Killed from afar by Sigmund

Illustrated notes

Levels and vault maps discovered:
D:1:      saegor_arrival_simple_c, layout_rooms, grunt_decor_one_mirror
D:2:      layout_basic, basic_ecumenical_altar, nicolae_wormholes, uniq_sigmund,
          uniq_robin

Skill      XL: |  1  2 |
---------------+-------+-----
Air Magic      | 1 |  1.3
Poison Magic   | 4 |  4.0
Dodging        | |  2.6
Stealth        | |  2.6
Spellcasting   | |  3.1
Transmutations | |  1.3

Action                     || total
---------------------------++-------
  Melee: Unarmed           ||    22
   Cast: Sting             ||    40
 Armour: Robe              ||     9
  Dodge: Dodged            ||    35

Table legend: (Time is in decaauts)
 A = Elapsed time spent in this place.
 B = Non-inter-level travel time spent in this place.
 C = Inter-level travel time spent in this place.
 D = Time resting spent in this place.
 E = Time spent auto-exploring this place.
 F = Levels seen in this place.
 G = Mean time per level.
                   A        B        C        D        E       F      G
               +--------+--------+--------+--------+--------+-----+--------+
         Total |    840 |    822 |     18 |     59 |    615 |   2 |  420.0 |
       Dungeon |    840 |    822 |     18 |     59 |    615 |   2 |  420.0 |
               +--------+--------+--------+--------+--------+-----+--------+

Top non-repeatable levels by time:
     D:1: 748 daAuts
     D:2: 92 daAuts
